 Dungeon Crawl Stone Soup version 0.26.1-2-gb8aa6d0cf2 (webtiles) character file.

Game seed: 11162123163120866288

3251 FishyPogo the Sneak (level 9, -2/59 HPs)
             Began as a Demonspawn Hedge Wizard on Feb 23, 2021.
             Was a Priest of Dithmenos.
             Slain by a yak (3 damage)
             ... on level 8 of the Dungeon.
             The game lasted 00:52:00 (10088 turns).

FishyPogo the Sneak (Demonspawn Hedge Wizard)      Turns: 10088, Time: 00:52:01

Health: -2/59      AC:  5    Str: 11      XL:     9   Next: 67%
Magic:  0/27       EV: 28    Int: 23      God:    Dithmenos [***...]
Gold:   553        SH:  0    Dex: 11 (12) Spells: 4/20 levels left

rFire    + . .     SeeInvis .   a - +2 short sword (speed)
rCold    . . .     Faith    .   (no shield)
rNeg     . . .     Spirit   +   D - +2 robe {rF+}
rPois    .         Reflect  .   c - +0 hat
rElec    .         Harm     .   q - +0 cloak
rCorr    +         Rampage  .   (no gloves)
Will     .....                  (no boots)
Stlth    ++........             C - amulet of the acrobat
HPRegen  0.19/turn              v - ring of magical power
MPRegen  0.40/turn              J - ring of resist corrosion

@: confused, acrobat, wreathed by umbra
A: horns 1, talons 2, clever 2, powered by pain 2, wild magic 1, magic shield,
magic regeneration
a: Renounce Religion, Shadow Step


You were on level 8 of the Dungeon.
You worshipped Dithmenos.
Dithmenos was most pleased with you.
You visited 1 branch of the dungeon, and saw 9 of its levels.

You collected 553 gold pieces.

Inventory:

Hand Weapons
 a - a +2 short sword of speed (weapon)
 b - a +2 dagger of venom
Missiles
 e - 286 stones
 x - 13 javelins
 B - 7 boomerangs
 M - 2 poisoned darts
Armour
 c - a +0 hat (worn)
 q - a +0 cloak (worn)
 y - a +1 leather armour of cold resistance
 D - a +2 robe of fire resistance (worn)
 L - a +3 leather armour
Jewellery
 v - a ring of magical power (left hand)
 C - an amulet of the acrobat (around neck)
 H - an uncursed ring of willpower
 J - a ring of resist corrosion (right hand)
 N - an uncursed ring of protection from fire
Wands
 n - a wand of flame (20)
 r - a wand of iceblast (15)
 F - a wand of acid (7)
Scrolls
 f - a scroll of magic mapping {unknown}
 g - 4 scrolls of remove curse
 j - a scroll of enchant armour {unknown}
 k - 10 scrolls of identify {unknown}
 o - 2 scrolls of fog {unknown}
 p - 2 scrolls of random uselessness {unknown}
 s - 2 scrolls of teleportation {unknown}
 t - 3 scrolls of amnesia
 A - a scroll of enchant weapon {unknown}
 I - 2 scrolls of summoning {unknown}
 K - a scroll of noise {unknown}
Potions
 d - a potion of might
 h - 3 potions of attraction
 i - 3 potions of flight
 l - a potion of curing
 m - a potion of resistance
 w - 4 potions of haste
 z - 2 potions of lignification {unknown}
 E - 2 potions of heal wounds {unknown}
 G - a potion of magic {unknown}


   Skills:
 - Level 1.0 Fighting
 - Level 3.0 Short Blades
 - Level 2.0 Armour
 + Level 3.9 Dodging
 * Level 7.0 Stealth
 - Level 6.0 Spellcasting
 + Level 5.9 Conjurations
 - Level 3.0 Hexes
 - Level 2.0 Summonings
 * Level 3.9 Necromancy
 - Level 1.0 Translocations
 - Level 2.0 Air Magic
 - Level 1.0 Poison Magic


You had 4 spell levels left.
You knew the following spells:

 Your Spells              Type           Power        Failure   Level
a - Magic Dart            Conj           100%         1%          1
b - Vampiric Draining     Necr           16%          8%          3
c - Tukima's Dance        Hex            26%          12%         3
l - Mephitic Cloud        Conj/Pois/Air  26%          12%         3
u - Animate Dead          Necr           16%          24%         4
y - Call Imp              Summ           20%          9%          2

Your spell library contained the following spells:

 Spells                   Type           Power        Failure   Level
 Animate Skeleton         Necr           64%          3%          1
 Pain                     Necr           100%         3%          1
 Corona                   Hex            28%          4%          1
 Slow                     Hex            26%          6%          2
 Dazzling Flash           Conj/Hex       70%          7%          3
 Ensorcelled Hibernation  Hex/Ice        34%          11%         2
 Confusing Touch          Hex            26%          12%         3
 Conjure Flame            Conj/Fire      26%          12%         3
 Blink                    Tloc           N/A          13%         2
 Agony                    Necr           32%          52%         5


Dungeon Overview and Level Annotations

Branches:
Dungeon (9/15)             Temple (0/1) D:7            Lair (0/6) D:8
    Orc: D:9-12

Altars:
Dithmenos
Hepliaklqana
Makhleb
Wu Jian
Xom
The Shining One

Shops:
D:7 :


Innate Abilities, Weirdness & Mutations

You have razor-sharp toenails.
You sometimes gain power by taking damage.
When hurt, damage is shared between your health and your magic reserves.
You regenerate magic rapidly.
You have a pair of small horns on your head.
Your mind is very acute. (Int +4)
Your spells are a little harder to cast, but a little more powerful.


Message History

Press: ? - help, Shift-Dir - straight line, f/p - yak
Aim: a yak (lightly wounded, umbra) That beam is likely to hit you.
Continue anyway?
The ball explodes into a vile cloud!
The stinking cloud engulfs the yak but does no damage.
The yak is lightly wounded.
The stinking cloud engulfs the yak but does no damage.
The yak is moderately wounded.
The stinking cloud engulfs you but does no damage.
You are engulfed in noxious fumes.
You choke on the stench!
You are confused.
The yak is engulfed in noxious fumes.
The yak appears confused.
The yak is engulfed in noxious fumes.
The yak appears confused.
The yak gores you!
* * * LOW HITPOINT WARNING * * *
Unknown command.
You are engulfed in noxious fumes.
* * * LOW HITPOINT WARNING * * *
The yak gores you.
You die...

.#....................#
.#.........#..........#
...............#......#
.........).....#......#
.............#.#.....)####
....#..........#.........#
...####'#...#..#.........# ...#
#.#......#☼........# ...#
#.#......#@Y...##### ...#
#.#.....>.○Y...#
...####.#....l.°.....###
.......................#
...####................##########
......+[..........)....'.........
......#................##########
.#....#......##.....#### #....(..
.#....#......##.....# #)######


You could see 2 yaks and an iguana (wandering, confused).

Vanquished Creatures
  Duvessa (D:5)
  2 ice beasts
  An orc warrior (D:9)
  5 ogres
  A necrophage (D:6)
  3 centaurs
  A phantom (D:6)
  A big kobold (D:7)
  4 bullfrogs
  Dowan (D:5)
  A wight (D:7)
  A howler monkey (D:8)
  3 jellies
  An orc priest (D:3)
  3 hounds (D:6)
  4 orc wizards
  2 bullfrog skeletons
  Jessica (D:2)
  2 iguanas (D:7)
  Ijyb (D:3)
  5 worker ants
  Terence (D:3)
  A hound zombie (D:8)
  3 hound skeletons
  2 worker ant zombies
  11 adders
  4 white imps
  An ufetubus (D:7)
  An ooze (D:4)
  2 worms
  4 dart slugs
  7 leopard geckos
  12 orcs
  A bat (D:1)
  5 giant cockroaches
  4 goblins
  7 hobgoblins
  2 jackals (D:4)
  7 kobolds
  7 quokkas
  2 frilled lizards
  9 rats
137 creatures vanquished.

Vanquished Creatures (collateral kills)
  Sigmund (D:2)
  Edmund (D:4)
  An ice beast (D:8)
  An orc warrior (D:8)
  A sky beast (D:7)
  A phantom (D:6)
  2 ogres
  A centaur (D:5)
  2 scorpions
  2 wights (D:7)
  A howler monkey (D:8)
  A centaur zombie (D:8)
  3 orc priests
  A jelly (D:8)
  Crazy Yiuf (D:2)
  2 worker ants
  3 gnolls (D:2)
  An adder (D:3)
  A shadow imp (D:7)
  An adder skeleton (D:8)
  8 orcs
  3 kobolds (D:7)
39 creatures vanquished.

Vanquished Creatures (others)
  A plant (D:8)
1 creature vanquished.

Grand Total: 177 creatures vanquished

Notes
Turn   | Place    | Note
-------+----------+-------------------------------------------
     0 | D:1      | FishyPogo the Demonspawn Hedge Wizard began the quest for
                  | the Orb.
     0 | D:1      | Reached XP level 1. HP: 13/13 MP: 4/4
   112 | D:1      | Reached skill level 1 in Translocations
   272 | D:1      | Reached skill level 2 in Stealth
   272 | D:1      | Gained mutation: You have sharp toenails. [demonic
                  | ancestry]
   272 | D:1      | Reached XP level 2. HP: 18/20 MP: 4/6
   960 | D:1      | Gained mutation: You sometimes gain a little power by
                  | taking damage. [demonic ancestry]
   960 | D:1      | Reached XP level 3. HP: 10/25 MP: 5/7
  1346 | D:2      | Reached skill level 1 in Fighting
  1378 | D:2      | Learned a level 2 spell: Call Imp
  1382 | D:2      | Learned a level 3 spell: Mephitic Cloud
  1622 | D:2      | Found a runed translucent door.
  1623 | D:2      | Noticed Crazy Yiuf
  2096 | D:2      | Noticed Sigmund
  2106 | D:2      | Killed Sigmund
  2107 | D:2      | Reached skill level 1 in Short Blades
  2107 | D:2      | Gained mutation: You have razor-sharp toenails. [demonic
                  | ancestry]
  2107 | D:2      | Reached XP level 4. HP: 32/32 MP: 1/9
  2107 | D:2      | Reached XP level 5. HP: 37/37 MP: 1/10
  2214 | D:2      | Noticed Jessica
  2224 | D:2      | Killed Jessica
  2230 | D:2      | Found a glowing golden altar of the Shining One.
  2535 | D:2      | Killed Crazy Yiuf
  2719 | D:3      | Found a shadowy altar of Dithmenos.
  2726 | D:3      | Became a worshipper of Dithmenos the Shadowed
  2858 | D:3      | Gained mutation: You sometimes gain power by taking damage.
                  | [demonic ancestry]
  2858 | D:3      | Reached XP level 6. HP: 26/43 MP: 3/11
  3135 | D:3      | Noticed Ijyb
  3146 | D:3      | Noticed Terence
  3172 | D:3      | Killed Terence
  3189 | D:3      | Killed Ijyb
  3965 | D:4      | Noticed Edmund
  3983 | D:4      | Killed Edmund
  3984 | D:4      | Reached skill level 1 in Air Magic
  4199 | D:4      | Learned a level 3 spell: Tukima's Dance
  4270 | D:4      | Reached skill level 1 in Poison Magic
  4387 | D:4      | Reached * piety under Dithmenos
  4433 | D:4      | Gained mutation: When hurt, damage is shared between your
                  | health and your magic reserves. [demonic ancestry]
  4433 | D:4      | Reached XP level 7. HP: 48/48 MP: 13/13
  4763 | D:5      | Entered Level 5 of the Dungeon
  4889 | D:5      | Noticed Duvessa
  4919 | D:5      | Killed Duvessa
  4920 | D:5      | Reached skill level 1 in Armour
  4940 | D:5      | Noticed Dowan
  4958 | D:5      | Killed Dowan
  5120 | D:5      | Reached skill level 1 in Hexes
  5205 | D:5      | Reached skill level 3 in Stealth
  6134 | D:5      | Gained mutation: You regenerate magic rapidly. [demonic
                  | ancestry]
  6134 | D:5      | Reached XP level 8. HP: 54/54 MP: 15/15
  6350 | D:6      | Reached skill level 5 in Spellcasting
  6388 | D:6      | Reached skill level 4 in Stealth
  6707 | D:6      | Found a burning altar of Makhleb.
  7143 | D:7      | Reached skill level 5 in Stealth
  7201 | D:7      | Reached ** piety under Dithmenos
  7202 | D:7      | Reached skill level 5 in Conjurations
  7392 | D:7      | Found a hazy altar of Hepliaklqana.
  7455 | D:7      | Found a staircase to the Ecumenical Temple.
  7562 | D:7      | Found a shimmering altar of Xom.
  7585 | D:7      | Reached XP level 9. HP: 59/59 MP: 17/17
  7591 | D:7      | Found Qappaem's Book Emporium.
  7621 | D:7      | Gained mutation: You have a pair of small horns on your
                  | head. [potion of mutation]
  7621 | D:7      | Gained mutation: Your mind is acute. (Int +2) [potion of
                  | mutation]
  7621 | D:7      | Gained mutation: Your spells are a little harder to cast,
                  | but a little more powerful. [potion of mutation]
  7621 | D:7      | Gained mutation: Your mind is very acute. (Int +4) [potion
                  | of mutation]
  7933 | D:7      | Reached skill level 6 in Stealth
  7933 | D:7      | Reached skill level 1 in Necromancy
  8638 | D:8      | Learned a level 4 spell: Animate Dead
  8682 | D:8      | Found a staircase to the Lair.
  8796 | D:8      | Found an ornate altar of the Wu Jian Council.
  8846 | D:8      | Learned a level 3 spell: Vampiric Draining
  9783 | D:9      | Noticed a troll
  9784 | D:9      | Reached *** piety under Dithmenos
  9807 | D:9      | Reached skill level 7 in Stealth
 10087 | D:8      | HP: 2/59 [yak (8)]
 10088 | D:8      | Slain by a yak

Illustrated notes

Levels and vault maps discovered:
D:1:      onia_arrival_handbag, layout_basic
D:2:      layout_basic, lemuel_crystal_altar, chequers_serial_rivers_small_b,
          uniq_crazy_yiuf_cottage, uniq_jessica, uniq_sigmund
D:3:      layout_loops_ring, grunt_dithmenos_smoke_and_mirrors, uniq_ijyb,
          uniq_terence
D:4:      layout_gridville, uniq_edmund
D:5:      layout_loops_ring, roderic_cross_of_infinity, uniq_duvessa
D:6:      layout_loops_ring, makhleb_blood_cavern_becter
D:7:      layout_cave_pods, nzn_hepliaklqana_mist_gate,
          minmay_temple_entry_trees, serial_shops, nicolae_shop_waterfront,
          lemuel_tele_altar
D:8:      layout_basic, nicolae_overflow_crystal_walls, dpeg_oklobed_lair
D:9:      layout_cave_pools

Skill      XL: |  1  2  3  4  5  6  7  8  9 |
---------------+----------------------------+-----
Translocations | 1 |  1.0
Stealth        | 2 3 5 7 |  7.0
Dodging        | 2 3 |  3.9
Fighting       | 1 |  1.0
Conjurations   | 2 3 4 5 |  5.9
Short Blades   | 1 2 3 |  3.0
Summonings     | 2 |  2.0
Air Magic      | 1 2 |  2.0
Spellcasting   | 4 5 6 |  6.0
Poison Magic   | 1 |  1.0
Armour         | 1 2 |  2.0
Hexes          | 2 3 |  3.0
Necromancy     | 3 |  3.9

Action                   |  1- 3 |  4- 6 |  7- 9 || total
-------------------------+-------+-------+-------++-------
Melee: Dagger            |    11 |       |   111 ||   122
       Short sword       |    28 |    90 |   237 ||   355
       Kick              |     2 |    21 |    72 ||    95
       Headbutt          |       |       |    14 ||    14
 Cast: Magic Dart        |    65 |    55 |   125 ||   245
       Call Imp          |     3 |    36 |    90 ||   129
       Mephitic Cloud    |       |       |    12 ||    12
       Tukima's Dance    |       |       |     5 ||     5
       Vampiric Draining |       |       |     1 ||     1
  Use: Potion            |     4 |       |     7 ||    11
       Scroll            |       |       |     2 ||     2
 Stab: Sleeping          |     1 |     3 |    11 ||    15
       Confused          |       |       |     3 ||     3
       Distracted        |       |       |     2 ||     2
       Invisible         |       |       |     1 ||     1
Armor: Robe              |     9 |     6 |    41 ||    56
       Leather armour    |       |     7 |     8 ||    15
Dodge: Dodged            |    36 |    42 |   254 ||   332
